 Seeded DCSS version 0.30-a0-702-gdf48620a09 (webtiles) character file.

Game seed: 16909242398261262576 (custom seed)

10331 purpskrrrp the Destroyer (level 11, -3/54 HPs)
             Began as a Tengu Fire Elementalist on Jan 22, 2023.
             Was a Priest of Vehumet.
             Slain by a yak (4 damage)
             ... while petrified by a basilisk
             ... on level 9 of the Dungeon.
             The game lasted 00:32:31 (13722 turns).

purpskrrrp the Destroyer (Tengu Fire Elementalist) Turns: 13722, Time: 00:32:32

Health: -3/54      AC:  3    Str:  9    XL:     11   Next: 60%
Magic:  0/22       EV:  2    Int: 25    God:    Vehumet [***...]
Gold:   856        SH:  0    Dex: 15    Spells: 11/23 levels left

rFire   . . .      SeeInvis .    v - +3 dagger (speed)
rCold   . . .      Faith    .    (no shield)
rNeg    + + +      Spirit   +    C - +1 robe "Gashrag" {rPois Slay+5}
rPois   ∞          Reflect  .    (helmet restricted)
rElec   .          Harm     .    (no cloak)
rCorr   .          Rampage  .    (no gloves)
Will    .....                    (boots unavailable)
Stlth   ++++                     i - amulet of guardian spirit
HPRegen 0.29/turn                s - ring of positive energy
MPRegen 0.18/turn                q - +6 ring of intelligence

@: petrified, flying quickly and evasively, quick
A: beak, talons 3, nimble flight
a: Renounce Religion


You were on level 9 of the Dungeon.
You worshipped Vehumet.
Vehumet was most pleased with you.
You visited 2 branches of the dungeon, and saw 11 of its levels.

You collected 856 gold pieces.

Inventory:

Hand Weapons
 f - a +1 dagger of protection
 v - a +3 dagger of speed (weapon)
 y - the +1 flail "Sivitem" {antimagic, Contam +Blink Will+ Dex+2}
   (You found it on level 4 of the Dungeon)

   Dex:       It affects your dexterity (+2).
   +Blink:    It lets you blink.
   Contam:    It causes magical contamination when unequipped.
   Will:      It increases your willpower.
Missiles
 w - 29 poisoned darts
Armour
 a - a +1 robe
 u - a +2 robe of willpower
 C - the +1 robe "Gashrag" (worn) {rPois Slay+5}
   (You found it on level 4 of the Dungeon)

   Slay:      It affects your accuracy & damage with ranged weapons and melee
   (+5).
   rPois:     It protects you from poison.
Jewellery
 i - an amulet of guardian spirit (around neck)
 p - a ring of protection from cold
 q - a +6 ring of intelligence (right hand)
 s - a ring of positive energy (left hand)
Wands
 l - a wand of digging (8)
 x - a wand of polymorph (1)
 A - a wand of acid (9)
 E - a wand of iceblast (15)
Scrolls
 d - 3 scrolls of teleportation
 e - 2 scrolls of identify
 n - 4 scrolls of enchant armour
 o - 3 scrolls of noise
 r - 2 scrolls of amnesia
 z - a scroll of poison
 D - a scroll of brand weapon
 H - a scroll of fear
Potions
 b - a potion of magic
 c - 6 potions of brilliance
 g - 2 potions of cancellation
 h - a potion of degeneration
 j - 3 potions of might
 k - 2 potions of curing
 m - a potion of attraction
 t - 3 potions of berserk rage
 B - a potion of ambrosia
 F - 2 potions of invisibility


   Skills:
 + Level 5.3 Short Blades
 + Level 8.1 Dodging
 + Level 7.9 Stealth
 + Level 6.8 Spellcasting
 * Level 12.9 Conjurations
 + Level 8.4 Fire Magic


You had 11 spell levels left.
You knew the following spells:

 Your Spells              Type           Power      Damage    Failure   Level
a - Foxfire               Conj/Fire      100%       2x1d9     1%          1
b - Fireball              Conj/Fire      29%        3d13      1%          5
c - Starburst             Conj/Fire      29%        6d9       3%          6

Your spell library contained the following spells:

 Spells                   Type           Power      Damage    Failure   Level
 Static Discharge         Conj/Air       80%        2-6/arc   1%          2
 Kiss of Death            Conj/Necr      100%       2d13      1%          1
 Scorch                   Fire           100%       2d10      1%          2
 Inner Flame              Hex/Fire       29%        N/A       1%          3
 Kindle Blastsparks       Fire/Tloc/Air  44%        2d13      1%          3
 Flame Wave               Conj/Fire      58%        2d14      1%          4
 Summon Small Mammal      Summ           32%        N/A       7%          1
 Ensorcelled Hibernation  Hex/Ice        16%        N/A       11%         2
 Passwall                 Tmut/Erth      6%         N/A       11%         2
 Sublimation of Blood     Necr           8%         N/A       11%         2
 Wereblood                Tmut           8%         N/A       11%         2
 Call Canine Familiar     Summ           8%         N/A       21%         3
 Confusing Touch          Hex            8%         N/A       21%         3
 Summon Guardian Golem    Hex/Summ       8%         N/A       21%         3
 Swiftness                Air            8%         N/A       21%         3
 Dispel Undead            Necr           8%         3d8       56%         4
 Summon Hydra             Summ           4%         N/A       100%        7


Dungeon Overview and Level Annotations

Branches:
Dungeon (10/15)            Temple (1/1) D:7             Orc (0/2) D:10
   Lair: D:8-11

Altars:
Ashenzari
Cheibriados
Dithmenos
Elyvilon
Fedhas
Gozag
Hepliaklqana
Kikubaaqudgha
Makhleb
Nemelex Xobeh
Okawaru
Qazlal
Ru
Sif Muna
Trog
Uskayaw
Vehumet
Wu Jian
Xom
Yredelemnul
Zin
The Shining One


Innate Abilities, Weirdness & Mutations

You have a beak for a mouth.
You have claws for feet.
Your magical nature lets you fly swiftly and evasively.


Message History

No target in view!
No target in view!
No target in view!
No target in view!
No target in view!
No target in view!
No target in view!
No target in view!
No target in view!
No target in view!
No target in view!
You start resting.
HP restored.
You start resting.
Magic restored.
You fly downwards.
The yak gores you! The yak misses you. The yak gores you.
There is a stone staircase leading up, spattered with blood here.
The basilisk hisses angrily.
The yak closely misses you. The basilisk gazes at you.
You are slowing down.
The yak closely misses you. The yak gores you!
You fly upwards.
You have turned to stone.
The yak gores you! x3
The yak gores you. The yak gores you but does no damage. The yak gores you.
The yak gores you! x2
* * * LOW HITPOINT WARNING * * *
The yak gores you. The yak gores you.
* * * LOW HITPOINT WARNING * * *
The yak gores you!
* * * LOW HITPOINT WARNING * * *
The yak gores you!
* * * LOW HITPOINT WARNING * * *
The yak gores you!
* * * LOW HITPOINT WARNING * * *
The yak gores you.
* * * LOW HITPOINT WARNING * * *
The yak gores you!
You die...

#.###########.# #..
#.#.........#.# #..
#.#.#######...# #..
#.#.......'...######..
#.#..######...)...##..
#.#..######...###.##..
#.#...........###.##..
#.##Y#####........##..
#....@Y...........##..
#####Y####........#...
#.######..#'###...
#......#....###...
#.####........#... #.#
#........#...
#.#####.......#...
#.................
#########.#..##...


You could see 3 yaks.

Vanquished Creatures
  Lodul (D:9)
  Pikel (D:9)
  A cyclops (D:9)
  Maggie (D:9)
  Grinder (D:3)
  Sigmund (D:3)
  A wyvern (D:9)
  24 yaks (D:9)
  Grum (D:8)
  Menkaure (D:5)
  An acid dragon (D:9)
  2 water moccasins
  3 orc warriors
  2 wolves (D:7)
  6 ogres
  A centaur (D:9)
  A phantom (D:7)
  5 kobold brigands
  Blork the orc (D:6)
  2 bullfrogs (D:7)
  A gnoll sergeant (D:9)
  A necrophage (D:6)
  5 scorpions
  8 wights
  7 killer bees
  4 howler monkeys (D:9)
  2 jellies (D:7)
  3 gnoll boudas
  2 hounds
  6 orc priests
  6 iguanas
  12 orc wizards
  19 gnolls
  15 adders
  A shadow imp (D:7)
  A white imp (D:8)
  An ufetubus (D:5)
  2 dart slugs
  33 orcs
  6 ball pythons
  7 bats
  9 endoplasms
  4 giant cockroaches
  6 hobgoblins
  4 jackals
  2 quokkas
  7 frilled lizards
  11 goblins
  31 kobolds
  4 rats
277 creatures vanquished.

Vanquished Creatures (others)
  883 foxfires
  4 plants (D:10)
887 creatures vanquished.

Grand Total: 1164 creatures vanquished

Notes
Turn   | Place    | Note
-------+----------+-------------------------------------------
     0 | D:1      | purpskrrrp the Tengu Fire Elementalist began the quest for
                  | the Orb.
     0 | D:1      | Reached XP level 1. HP: 10/10 MP: 4/4
   173 | D:1      | Reached XP level 2. HP: 15/15 MP: 4/6
   243 | D:1      | Reached skill level 2 in Conjurations
   870 | D:1      | Reached XP level 3. HP: 19/19 MP: 2/7
  1513 | D:2      | Reached XP level 4. HP: 24/24 MP: 0/8
  1672 | D:2      | Reached skill level 3 in Conjurations
  2747 | D:3      | Found a glowing silver altar of Zin.
  3151 | D:3      | Gained mutation: Your magical nature lets you fly swiftly
                  | and evasively. [Tengu growth]
  3151 | D:3      | Reached XP level 5. HP: 28/28 MP: 6/10
  3245 | D:3      | Noticed Sigmund
  3264 | D:3      | Killed Sigmund
  3265 | D:3      | Reached skill level 4 in Conjurations
  3265 | D:3      | Reached XP level 6. HP: 27/32 MP: 4/11
  3668 | D:3      | Noticed Grinder
  3682 | D:3      | Killed Grinder
  3683 | D:3      | Reached skill level 5 in Conjurations
  3683 | D:3      | Reached XP level 7. HP: 36/36 MP: 2/12
  4183 | D:4      | Learned a level 5 spell: Fireball
  4402 | D:4      | Reached skill level 5 in Fire Magic
  4403 | D:4      | Reached skill level 6 in Conjurations
  4572 | D:4      | Identified the +1 flail "Sivitem" {antimagic, Contam +Blink
                  | Will+ Dex+2}
  4763 | D:4      | Identified the +1 robe "Gashrag" {rPois Slay+5}
  5740 | D:5      | Entered Level 5 of the Dungeon
  5757 | D:4      | Reached XP level 8. HP: 28/41 MP: 9/14
  6123 | D:5      | Reached skill level 7 in Conjurations
  6597 | D:5      | Reached skill level 5 in Dodging
  6660 | D:5      | Reached skill level 5 in Stealth
  6921 | D:5      | Noticed Menkaure
  6927 | D:5      | Killed Menkaure
  6928 | D:5      | Reached skill level 8 in Conjurations
  7151 | D:6      | Reached XP level 9. HP: 45/45 MP: 9/16
  7730 | D:6      | Noticed Blork the orc
  7737 | D:6      | Killed Blork the orc
  7738 | D:6      | Reached skill level 9 in Conjurations
  8715 | D:7      | Reached skill level 1 in Short Blades
  8753 | D:7      | Reached skill level 5 in Spellcasting
  8993 | D:7      | Found a staircase to the Ecumenical Temple.
  9176 | Temple   | Entered the Ecumenical Temple
  9197 | Temple   | Became a worshipper of Vehumet
  9848 | D:8      | Noticed Grum
  9900 | D:7      | Reached skill level 10 in Conjurations
 10181 | D:8      | Killed Grum
 10313 | D:8      | Reached XP level 10. HP: 50/50 MP: 14/19
 10314 | D:8      | Reached * piety under Vehumet
 10314 | D:8      | Offered knowledge of Shock by Vehumet.
 11495 | D:9      | Reached skill level 11 in Conjurations
 11652 | D:9      | Offered knowledge of Poisonous Vapours by Vehumet.
 11662 | D:9      | Reached ** piety under Vehumet
 12164 | D:9      | Reached XP level 11. HP: 49/54 MP: 11/21
 12180 | D:9      | Noticed Pikel
 12186 | D:9      | Killed Pikel
 12187 | D:9      | Reached skill level 12 in Conjurations
 12395 | D:9      | Noticed a cyclops
 12487 | D:9      | Noticed Maggie
 12490 | D:9      | Killed Maggie
 12784 | D:9      | Offered knowledge of Static Discharge by Vehumet.
 12910 | D:9      | Reached skill level 5 in Short Blades
 13203 | D:9      | Killed a cyclops
 13296 | D:9      | Found a hazy altar of Hepliaklqana.
 13296 | D:9      | Found a sacrificial altar of Ru.
 13299 | D:9      | Found a burning altar of Makhleb.
 13445 | D:10     | Entered Level 10 of the Dungeon
 13445 | D:10     | Noticed Lodul
 13445 | D:10     | Noticed a two-headed ogre
 13445 | D:10     | Found a staircase to the Orcish Mines.
 13449 | D:9      | Reached *** piety under Vehumet
 13461 | D:9      | Killed Lodul
 13541 | D:9      | Learned a level 6 spell: Starburst
 13722 | D:9      | HP: 1/54 [yak (2)]
 13722 | D:9      | Slain by a yak

Illustrated notes

Levels and vault maps discovered:
D:1:      minmay_arrival_cross, layout_basic
D:2:      layout_basic
D:3:      layout_basic, zin_treasury, serial_bayou_pond_b,
          hangedman_decor_opposing, uniq_sigmund, uniq_grinder
D:4:      layout_layer_cave, minmay_close_crescents
D:5:      layout_loops_cross, serial_bayou_pond_e, minmay_checkerbox,
          uniq_menkaure
D:6:      layout_loops_ring, uniq_blork_the_orc
D:7:      layout_basic, minmay_temple_entry_junction
D:8:      layout_basic, uniq_grum
D:9:      layout_basic, minitemple, uniq_pikel, uniq_maggie
D:10:     layout_roguey, minmay_lair_entry_grove, orc_0_dummy,
          nicolae_trove_entry_crystal, uniq_lodul
Temple:   nicolae_temple_no_exploring_needed

Skill      XL: |  1  2  3  4  5  6  7  8  9 10 11 |
---------------+----------------------------------+-----
Conjurations   | 2 3 4 5 6 8 10 11 12 | 12.9
Dodging        | 3 4 5 6 7 8 |  8.1
Stealth        | 3 4 5 6 7 |  7.9
Spellcasting   | 3 4 5 6 |  6.8
Fire Magic     | 4 5 6 7 8 |  8.4
Short Blades   | 2 4 5 |  5.3

Action                   |  1- 3 |  4- 6 |  7- 9 | 10-12 || total
-------------------------+-------+-------+-------+-------++-------
Melee: Dagger            |    21 |     5 |   155 |   154 ||   335
       Kick              |     3 |       |    42 |    68 ||   113
       Unarmed           |     1 |       |       |       ||     1
       Peck              |       |     1 |    29 |    46 ||    76
       Punch             |       |       |     2 |     2 ||     4
Throw: Dart              |       |     4 |     5 |     1 ||    10
 Cast: Foxfire           |    69 |   106 |   286 |   136 ||   597
       Fireball          |       |       |     6 |    20 ||    26
       Starburst         |       |       |       |     2 ||     2
Evoke: Wand              |       |       |     2 |     4 ||     6
  Use: Potion            |       |       |     2 |     5 ||     7
       Scroll            |       |       |    22 |     6 ||    28
 Stab: Sleeping          |       |       |       |     2 ||     2
Armor: Robe              |     4 |       |    15 |     6 ||    25
Dodge: Dodged            |    16 |    11 |   123 |    58 ||   208

Table legend: (Time is in decaauts)
 A = Elapsed time spent in this place.
 B = Non-inter-level travel time spent in this place.
 C = Inter-level travel time spent in this place.
 D = Time resting spent in this place.
 E = Time spent auto-exploring this place.
 F = Levels seen in this place.
 G = Mean time per level.
                   A        B        C        D        E       F      G
               +--------+--------+--------+--------+--------+-----+--------+
         Total |  13078 |  12608 |    470 |   1103 |   9854 |  11 | 1188.9 |
       Dungeon |  13051 |  12586 |    465 |   1103 |   9854 |  10 | 1305.1 |
        Temple |     26 |     21 |      5 |      0 |      0 |   1 |   26.0 |
               +--------+--------+--------+--------+--------+-----+--------+

Top non-repeatable levels by time:
     D:9: 2077 daAuts
     D:4: 1889 daAuts
     D:6: 1410 daAuts
     D:7: 1403 daAuts
     D:3: 1357 daAuts
     D:1: 1303 daAuts
     D:8: 1239 daAuts
     D:5: 1187 daAuts
     D:2: 1170 daAuts
  Temple: 26 daAuts
    D:10: 12 daAuts
